Map: [ESL] Tropical Sacrifice

Players

Astrea

  • Race: Protoss Protoss
  • Spawn Location: 1:00

Neeb - Winner!

  • Race: Protoss Protoss
  • Spawn Location: 7:00

Event: DreamHack SC2 Masters 2022 Atlanta (Online)

VOD

Have the link to the VOD?

Description

Time

  • Played on: Oct. 16, 2022, 4:49 p.m.
  • Length: 12:55

All games in this series

Show
View Real Time Build Order
Export as new Build Order

Astrea Protoss 

Build Orders: Phoenix Opening 

Get SALT Encoding   

  12  0:00  Probe  
  13  0:12  Probe  
  14  0:18  Pylon  
  14  0:24  Probe  
  15  0:36  Probe (Chrono Boost)  
  15  0:40  Gateway  
  16  0:46  Probe (Chrono Boost)  
  16  0:47  Assimilator  
  17  0:51  Probe (Chrono Boost)  
  18  1:03  Probe  
  19  1:15  Probe (Chrono Boost)  
  20  1:22  Pylon  
  20  1:23  Assimilator  
  21  1:27  Probe (Chrono Boost)  
  21  1:28  Cybernetics Core  
  21  1:32  Probe (Chrono Boost)  
  22  1:40  Zealot  
  22  1:41  Probe  
  26  2:07  Probe  
  26  2:10  Stargate  
  26  2:19  Nexus  
  26  2:21  Probe  
  27  2:24  Warp Gate  
  27  2:33  Probe  
  29  2:39  Stalker  
  29  2:43  Pylon  
  30  2:54  Phoenix (Chrono Boost)  
  31  2:58  Shield Battery  
  31  3:07  Shield Battery  
  29  3:14  Phoenix (Chrono Boost)  
  31  3:21  Probe  
  31  3:25  Shield Battery  
  32  3:31  Probe  
  32  3:33  Probe  
  37  3:41  Phoenix  
  37  3:43  Probe  
  37  3:45  Probe  
  38  3:55  Probe  
  38  3:58  Probe  
  39  4:03  Twilight Council  
  39  4:07  Probe (Chrono Boost)  
  39  4:10  Probe (Chrono Boost)  
  39  4:19  Probe (Chrono Boost)  
  39  4:22  Probe (Chrono Boost)  
  41  4:26  Probe (Chrono Boost)  
  41  4:27  Probe (Chrono Boost)  
  43  4:34  Gateway  
  43  4:35  Gateway  
  43  4:37  Probe, Blink (Chrono Boost)  
  44  4:39  Probe  
  45  4:49  Probe  
  45  4:51  Probe  
  47  4:59  Pylon  
  47  5:01  Pylon  
  47  5:02  Probe  
  48  5:13  Nexus  
  47  5:16  Probe  
  47  5:17  Probe  
  47  5:21  Oracle  
  52  5:23  Stalker  
  52  5:28  Probe  
  55  5:29  Stalker  
  55  5:31  Probe  
  58  5:36  Assimilator  
  58  5:40  Probe  
  59  5:43  Shield Battery, Probe  
  59  5:45  Stalker  
  62  5:55  Pylon  
  62  6:01  Pylon  
  62  6:13  Probe x2  
  62  6:14  Stalker x3  
  70  6:23  Forge  
  70  6:26  Probe x2 (Chrono Boost)  
  70  6:28  Pylon  
  70  6:30  Probe (Chrono Boost)  
  73  6:36  Probe x2 (Chrono Boost)  
  73  6:37  Charge, Stalker x2  
  80  6:40  Probe (Chrono Boost), Stalker  
  80  6:41  Probe x2 (Chrono Boost)  
  84  6:50  Probe  
  84  6:52  Protoss Ground Weapons Level 1 (Chrono Boost), Probe  
  86  7:00  Gateway x2  
  86  7:02  Gateway  
  86  7:09  Stalker x3  
  92  7:29  Robotics Facility  
  89  7:32  Gateway  
  89  7:34  Gateway  
  85  7:46  Stalker x2  
  85  7:47  Stalker  
  87  7:55  Probe x3  
  87  7:57  Pylon  
  88  8:00  Zealot x3  
  94  8:08  Nexus, Pylon  
  94  8:12  Zealot x3  
  100  8:21  Observer (Chrono Boost)  
  100  8:22  Zealot x3, Probe x3, Pylon  
  108  8:32  Zealot x4  
  116  8:35  Warp Prism (Chrono Boost)  
  116  8:36  Protoss Ground Weapons Level 2 (Chrono Boost)  
  116  8:38  Pylon  
  116  8:39  Pylon  
  117  8:44  Zealot x4  
  125  8:50  Pylon  
  121  8:57  Zealot x4  
  129  9:05  Zealot x4  
  119  9:19  Zealot x4  
  121  9:25  Warp Prism (Chrono Boost)  
  123  9:32  Zealot x4  
  128  9:42  Probe x4  
  129  9:46  Zealot x2  
  129  9:51  Immortal (Chrono Boost)  
  127  10:01  Zealot x3  
  127  10:02  Zealot x3  
  131  10:10  Stalker x2  
  121  10:16  Probe  
  100  10:22  Zealot x6  
  100  10:23  Probe  
  93  10:37  Zealot x2  
  93  10:38  Warp Prism (Chrono Boost), Probe x2  
  94  10:42  Zealot  
  94  10:43  Zealot x5  
  106  10:59  Zealot x2  
  106  11:02  Observer, Templar Archives  
  110  11:06  Zealot x6  
  121  11:19  Shield Battery  
  121  11:21  Nexus, Zealot x2  
  125  11:26  Zealot  
  125  11:27  Zealot x3  
  125  11:31  Zealot x2  
  135  11:41  Pylon  
  135  11:43  Zealot x2  
  138  11:50  High Templar x3  
  138  11:51  Zealot x2, High Templar  
  150  11:54  Archon  
  150  11:55  Archon, Gateway  
  150  11:56  Probe x3, Assimilator  
  150  11:58  Gateway, Assimilator  
  150  12:09  Stalker x2  
  147  12:15  Stalker x2  
  147  12:22  Stalker x3  
  135  12:26  Stalker  
  135  12:29  Probe  
  116  12:31  Probe  
  116  12:35  Stalker x2  
  101  12:39  Stalker x2  
  89  12:47  Stalker x3  
  89  12:49  Stalker  
  86  12:51  Stalker  
Show
View Real Time Build Order
Export as new Build Order

Neeb Protoss - Winner!

Build Orders: Oracle Opening, Phoenix Opening 

Get SALT Encoding   

  12  0:00  Probe  
  13  0:12  Probe  
  14  0:20  Pylon  
  14  0:24  Probe  
  15  0:38  Probe (Chrono Boost)  
  15  0:41  Gateway  
  16  0:47  Probe (Chrono Boost)  
  16  0:48  Assimilator  
  17  0:52  Probe (Chrono Boost)  
  18  0:57  Assimilator  
  18  1:04  Probe (Chrono Boost)  
  18  1:06  Pylon  
  19  1:13  Probe (Chrono Boost)  
  20  1:19  Probe (Chrono Boost)  
  21  1:29  Cybernetics Core  
  21  1:31  Probe  
  22  1:38  Zealot  
  24  1:43  Pylon  
  24  1:46  Probe  
  25  1:58  Probe  
  26  2:06  Adept, Stargate  
  27  2:30  Nexus  
  27  2:39  Pylon  
  27  2:40  Probe  
  27  2:44  Warp Gate  
  28  2:50  Oracle (Chrono Boost)  
  31  2:58  Probe  
  32  3:10  Probe  
  33  3:17  Gateway  
  33  3:21  Phoenix  
  33  3:22  Probe  
  34  3:35  Probe  
  34  3:36  Twilight Council  
  35  3:42  Probe  
  35  3:47  Probe  
  37  3:51  Phoenix (Chrono Boost)  
  37  3:54  Probe  
  38  3:59  Probe  
  38  4:00  Shield Battery  
  39  4:06  Probe  
  40  4:11  Probe  
  40  4:15  Phoenix (Chrono Boost)  
  40  4:18  Probe  
  40  4:19  Blink (Chrono Boost)  
  41  4:24  Probe  
  41  4:31  Probe  
  43  4:36  Probe  
  43  4:38  Pylon  
  44  4:39  Phoenix  
  44  4:43  Probe  
  44  4:44  Shield Battery  
  47  4:48  Probe  
  47  4:49  Pylon  
  48  4:55  Probe  
  49  5:02  Stalker x2  
  53  5:08  Probe x2  
  53  5:09  Assimilator  
  55  5:21  Nexus, Pylon  
  55  5:26  Shield Battery  
  55  5:29  Oracle  
  55  5:31  Probe  
  55  5:32  Probe  
  60  5:39  Stalker  
  61  5:43  Probe  
  61  5:44  Probe  
  61  5:46  Stalker  
  65  5:52  Probe  
  65  5:55  Probe  
  67  6:01  Probe  
  67  6:02  Pylon  
  67  6:03  Stalker  
  69  6:07  Probe  
  69  6:08  Forge  
  69  6:09  Stalker  
  69  6:11  Probe  
  73  6:17  Gateway  
  74  6:19  Probe  
  74  6:20  Gateway  
  74  6:23  Probe  
  76  6:26  Stalker  
  76  6:31  Probe  
  79  6:32  Stalker  
  79  6:35  Probe  
  79  6:36  Protoss Ground Weapons Level 1 (Chrono Boost), Probe  
  83  6:43  Probe  
  84  6:47  Probe  
  84  6:53  Stalker  
  87  6:57  Stalker  
  87  6:59  Gateway  
  89  7:01  Gateway  
  89  7:05  Gateway  
  89  7:08  Nexus  
  89  7:15  Stalker x2, Pylon  
  91  7:17  Stalker  
  91  7:19  Charge  
  91  7:21  Probe x2  
  97  7:29  Probe  
  96  7:39  Stalker  
  96  7:40  Stalker x2  
  96  7:41  Stalker  
  96  7:42  Probe  
  96  7:43  Probe  
  98  7:53  Probe  
  98  7:54  Probe  
  98  7:56  Probe  
  98  7:58  Photon Cannon  
  101  8:02  Stalker x3  
  107  8:06  Probe x2  
  107  8:08  Pylon x3  
  109  8:14  Pylon  
  109  8:15  Robotics Facility, Pylon  
  109  8:18  Photon Cannon  
  110  8:20  Probe  
  110  8:29  Stalker x4  
  110  8:30  Zealot x3  
  124  8:39  Probe x3  
  127  8:41  Gateway  
  127  8:44  Gateway, Protoss Ground Weapons Level 2 (Chrono Boost)  
  127  8:46  Assimilator  
  127  8:47  Assimilator  
  127  8:50  Shield Battery  
  127  8:53  Pylon  
  127  8:54  Zealot x2  
  131  8:58  Zealot x2  
  119  9:21  Stalker x7  
  115  9:28  Shield Battery  
  115  9:29  Immortal (Chrono Boost)  
  115  9:32  Pylon  
  115  9:33  Pylon  
  115  9:37  Zealot  
  121  9:42  Zealot  
  123  9:46  Pylon  
  123  9:48  Stalker x5  
  123  9:49  Zealot x2  
  131  10:03  Assimilator  
  131  10:04  Probe x2, Assimilator  
  133  10:13  Zealot x8  
  125  10:29  Probe  
  125  10:32  Stalker  
  125  10:33  Immortal (Chrono Boost), Stalker x8  
  140  10:39  Probe x2  
  142  10:52  Templar Archives  
  142  10:58  Warp Prism (Chrono Boost), Assimilator, Protoss Ground Armor Level 1 (Chrono Boost)  
  142  10:59  Probe x3  
  142  11:00  Photon Cannon  
  142  11:03  Nexus  
  147  11:09  Pylon  
  147  11:21  Zealot x9  
  165  11:30  Observer (Chrono Boost)  
  166  11:40  Photon Cannon  
  166  11:41  Shield Battery  
  166  11:42  Photon Cannon, High Templar x6  
  166  11:43  Zealot x3  
  166  11:46  Archon x3  
  184  11:52  Probe x3  
  185  12:08  Stalker x3  
  187  12:14  Zealot x6  
  141  12:32  Stalker x3  
  141  12:36  Stalker x6  
Tags
 
Add a new tag
Caveats
  • Supply blocks, unpowered buildings, or Contaminate may cause inaccurate times.
  • Supply counts are checked every 10 seconds.